[ AOE2 MATCH · #468457394 ]
UnrankedPersians vs Turks
[ REPLAY ANALYSIS · EXTRACTED FROM THE RECORDED GAME ]
Feudal
—
Castle
—
Imperial
—
| APM avg | 15.6 |
| APM peak | 55 |
| eAPM avg | 14.5 |
| Villagers / military | 265 / 1236 |
Focus
⚔️ 51.1% · 🌾 48.9%
Knight ×328 · War Elephant ×321 · Archer ×305 · Scorpion ×205 · Trade Cart ×86 · Bombard Cannon ×42
Feudal
—
Castle
—
Imperial
—
| APM avg | 40.5 |
| APM peak | 118 |
| eAPM avg | 38.0 |
| Villagers / military | 150 / 1116 |
Focus
⚔️ 14.1% · 🌾 85.9%
Konnik ×1082 · Trade Cart ×60 · Mangonel ×34
Feudal
—
Castle
—
Imperial
—
| APM avg | 87.4 |
| APM peak | 482 |
| eAPM avg | 85.7 |
| Villagers / military | 315 / 781 |
Focus
⚔️ 8.9% · 🌾 91.1%
Scout Cavalry ×314 · Spearman ×162 · Bombard Cannon ×162 · Knight ×103 · Trade Cart ×92 · Hussite Wagon ×40
Feudal
—
Castle
—
Imperial
—
| APM avg | 26.9 |
| APM peak | 165 |
| eAPM avg | 20.9 |
| Villagers / military | 59 / 706 |
Focus
⚔️ 60.9% · 🌾 39.1%
Camel Scout ×354 · Janissary ×286 · Bombard Cannon ×55 · Trade Cart ×47 · Trebuchet (Packed) ×6 · Petard ×4
Match map
Resources at game start + every placement click. Thick line = wall · dashed box = detected house wall. 🟡 gold · ⚪ stone · 🟢 berries · 🔶 boar · ⭕ relic
Inputs per minute
— IsaacNewton - - Sinsh Master
Build order — IsaacNewton
First 150 of 618 actions detected
| 0:19 | Build | Town Center |
| 0:26 | Build | Town Center |
| 0:41 | Build | Town Center |
| 0:54 | Build | Town Center |
| 1:08 | Build | House |
| 1:10 | Build | House |
| 1:11 | Build | House |
| 1:13 | Build | House |
| 1:15 | Build | House |
| 1:17 | Build | House |
| 1:17 | Build | House |
| 1:18 | Build | House |
| 1:19 | Build | House |
| 1:20 | Build | House |
| 1:32 | Build | Market |
| 1:34 | Build | Market |
| 1:36 | Build | Market |
| 1:52 | Build | Caravanserai |
| 1:54 | Build | Caravanserai |
| 1:57 | Build | Caravanserai |
| 2:02 | Build | Caravanserai |
| 2:05 | Build | Caravanserai |
| 2:08 | Build | Caravanserai |
| 2:10 | Build | Caravanserai |
| 2:16 | Build | Caravanserai |
| 2:19 | Build | Caravanserai |
| 2:21 | Build | Caravanserai |
| 2:23 | Build | Caravanserai |
| 2:28 | Create | Villager (Male) ×5 |
| 2:28 | Create | Villager (Male) ×5 |
| 2:28 | Create | Villager (Male) ×5 |
| 2:29 | Create | Villager (Male) ×5 |
| 2:40 | Create | Villager (Male) ×5 |
| 2:40 | Create | Villager (Male) ×5 |
| 2:41 | Create | Villager (Male) ×5 |
| 2:41 | Create | Villager (Male) ×5 |
| 2:47 | Create | Villager (Male) ×5 |
| 2:47 | Create | Villager (Male) ×5 |
| 2:48 | Create | Villager (Male) ×5 |
| 2:48 | Create | Villager (Male) ×5 |
| 3:01 | Build | Mining Camp |
| 3:47 | Build | Mining Camp |
| 3:55 | Create | Trade Cart ×5 |
| 3:55 | Create | Trade Cart ×5 |
| 3:56 | Create | Trade Cart ×5 |
| 3:56 | Create | Trade Cart ×5 |
| 4:49 | Build | Stone Wall |
| 4:53 | Build | Stone Wall |
| 5:01 | Build | Building 490 |
| 5:04 | Build | Building 490 |
| 5:06 | Build | Building 490 |
| 5:10 | Build | Building 490 |
| 5:13 | Build | Building 490 |
| 5:18 | Create | Villager (Male) ×5 |
| 5:19 | Create | Villager (Male) ×5 |
| 5:19 | Create | Villager (Male) ×5 |
| 5:19 | Create | Villager (Male) ×5 |
| 5:26 | Create | Villager (Male) |
| 5:27 | Create | Villager (Male) |
| 5:27 | Create | Villager (Male) |
| 5:27 | Create | Villager (Male) |
| 5:27 | Create | Villager (Male) |
| 5:28 | Create | Villager (Male) |
| 5:28 | Create | Villager (Male) ×5 |
| 5:28 | Create | Villager (Male) ×5 |
| 5:29 | Create | Villager (Male) ×5 |
| 5:36 | Create | Villager (Male) ×5 |
| 5:36 | Create | Villager (Male) ×5 |
| 5:36 | Create | Villager (Male) ×4 |
| 5:38 | Create | Villager (Male) ×5 |
| 5:39 | Create | Villager (Male) ×5 |
| 5:59 | Build | Farm |
| 6:02 | Build | Farm |
| 6:07 | Build | Farm |
| 6:11 | Create | Villager (Male) |
| 6:12 | Create | Villager (Male) |
| 6:12 | Create | Villager (Male) |
| 6:22 | Build | Lumber Camp |
| 6:37 | Build | House |
| 6:38 | Build | House |
| 6:40 | Build | House |
| 6:42 | Build | House |
| 6:45 | Build | House |
| 6:46 | Build | House |
| 6:50 | Build | House |
| 6:52 | Build | House |
| 6:56 | Build | House |
| 6:58 | Build | House |
| 6:59 | Build | House |
| 7:28 | Create | Villager (Male) |
| 7:28 | Create | Villager (Male) |
| 7:29 | Create | Villager (Male) |
| 7:29 | Create | Villager (Male) |
| 7:29 | Create | Villager (Male) |
| 8:11 | Build | Castle |
| 8:14 | Build | Castle |
| 8:17 | Build | Castle |
| 8:21 | Build | Castle |
| 8:24 | Build | Castle |
| 9:03 | Create | Villager (Male) ×5 |
| 9:03 | Create | Villager (Male) ×5 |
| 9:04 | Create | Villager (Male) ×5 |
| 9:04 | Create | Villager (Male) |
| 9:08 | Create | Villager (Male) ×5 |
| 9:08 | Create | Villager (Male) ×5 |
| 9:08 | Create | Villager (Male) ×5 |
| 9:09 | Create | Villager (Male) ×4 |
| 9:11 | Create | Villager (Male) ×5 |
| 9:11 | Create | Villager (Male) ×5 |
| 9:11 | Create | Villager (Male) ×4 |
| 9:12 | Create | Villager (Male) |
| 9:13 | Create | Villager (Male) ×5 |
| 9:13 | Create | Villager (Male) ×5 |
| 9:14 | Create | Villager (Male) ×4 |
| 9:14 | Create | Villager (Male) |
| 9:15 | Create | Villager (Male) ×4 |
| 9:15 | Create | Villager (Male) ×4 |
| 9:17 | Create | Villager (Male) |
| 9:17 | Create | Villager (Male) |
| 9:17 | Create | Villager (Male) |
| 9:31 | Create | Trade Cart ×5 |
| 9:31 | Create | Trade Cart ×5 |
| 9:31 | Create | Trade Cart ×5 |
| 9:31 | Create | Trade Cart ×5 |
| 9:31 | Create | Trade Cart ×5 |
| 9:32 | Create | Trade Cart ×5 |
| 9:32 | Create | Trade Cart ×5 |
| 9:32 | Create | Trade Cart ×5 |
| 9:32 | Create | Trade Cart ×5 |
| 9:33 | Create | Trade Cart |
| 9:46 | Build | Lumber Camp |
| 10:04 | Build | Farm |
| 10:06 | Build | Farm |
| 10:10 | Build | Farm |
| 10:11 | Build | Farm |
| 10:40 | Build | House |
| 10:43 | Build | House |
| 10:44 | Build | House |
| 10:47 | Build | House |
| 10:55 | Build | House |
| 10:56 | Build | House |
| 10:58 | Build | House |
| 11:02 | Build | House |
| 11:03 | Build | House |
| 11:05 | Build | House |
| 11:06 | Build | House |
| 11:08 | Build | House |
| 11:19 | Build | House |
| 11:21 | Build | House |
| 11:22 | Build | House |
Build order — Sinsh Master
First 150 of 483 actions detected
| 0:08 | Create | Villager (Male) ×5 |
| 0:09 | Create | Villager (Male) ×5 |
| 0:09 | Create | Villager (Male) ×5 |
| 0:27 | Build | Town Center |
| 0:57 | Build | Market |
| 1:00 | Build | Market |
| 1:02 | Build | Market |
| 1:04 | Build | Market |
| 1:08 | Build | Market |
| 1:10 | Build | Market |
| 1:12 | Build | Market |
| 1:14 | Build | Market |
| 1:32 | Build | Town Center |
| 1:48 | Create | Villager (Male) ×5 |
| 1:49 | Create | Villager (Male) ×5 |
| 1:49 | Create | Villager (Male) ×5 |
| 2:08 | Build | House |
| 2:09 | Build | House |
| 2:10 | Build | House |
| 2:11 | Build | House |
| 2:12 | Build | House |
| 2:12 | Build | House |
| 2:13 | Build | House |
| 2:13 | Build | House |
| 2:13 | Build | House |
| 2:14 | Build | House |
| 2:15 | Build | House |
| 2:16 | Build | House |
| 2:17 | Build | House |
| 2:19 | Build | House |
| 2:30 | Create | Villager (Male) ×5 |
| 2:30 | Create | Villager (Male) ×5 |
| 2:30 | Create | Villager (Male) ×5 |
| 2:45 | Build | Krepost |
| 2:47 | Build | Krepost |
| 2:49 | Build | Krepost |
| 2:51 | Build | Krepost |
| 2:53 | Build | Krepost |
| 2:55 | Build | Krepost |
| 2:57 | Build | Krepost |
| 2:59 | Build | Krepost |
| 3:01 | Build | Krepost |
| 3:02 | Build | Krepost |
| 3:04 | Build | Krepost |
| 3:06 | Build | Krepost |
| 3:22 | Build | Town Center |
| 3:57 | Build | Town Center |
| 4:14 | Create | Trade Cart ×5 |
| 4:17 | Create | Trade Cart ×5 |
| 4:46 | Build | Siege Workshop |
| 4:46 | Build | Siege Workshop |
| 4:48 | Build | Siege Workshop |
| 4:56 | Create | Villager (Male) ×5 |
| 4:56 | Create | Villager (Male) ×5 |
| 4:57 | Create | Villager (Male) ×5 |
| 5:13 | Build | Town Center |
| 5:43 | Build | Town Center |
| 5:52 | Create | Villager (Male) ×5 |
| 5:52 | Create | Villager (Male) ×5 |
| 5:53 | Create | Villager (Male) ×5 |
| 5:53 | Create | Villager (Male) ×5 |
| 6:02 | Create | Villager (Male) ×5 |
| 6:02 | Create | Villager (Male) ×5 |
| 6:03 | Create | Villager (Male) ×5 |
| 6:16 | Create | Villager (Male) ×5 |
| 6:17 | Create | Villager (Male) ×5 |
| 6:17 | Create | Villager (Male) ×5 |
| 6:18 | Create | Villager (Male) ×5 |
| 6:18 | Create | Villager (Male) ×5 |
| 6:43 | Build | Mining Camp |
| 6:50 | Create | Mangonel |
| 6:50 | Create | Mangonel |
| 6:51 | Create | Mangonel |
| 6:51 | Create | Mangonel |
| 6:51 | Create | Mangonel |
| 6:52 | Create | Mangonel |
| 6:53 | Create | Mangonel |
| 7:18 | Create | Villager (Male) ×5 |
| 7:19 | Create | Villager (Male) ×5 |
| 7:19 | Create | Villager (Male) ×5 |
| 7:30 | Create | Trade Cart ×5 |
| 7:35 | Create | Trade Cart ×5 |
| 7:39 | Create | Trade Cart ×5 |
| 7:44 | Create | Trade Cart ×5 |
| 7:48 | Create | Trade Cart ×5 |
| 7:52 | Create | Trade Cart ×5 |
| 8:58 | Create | Mangonel ×5 |
| 9:28 | Build | Krepost |
| 9:30 | Build | Krepost |
| 9:33 | Build | Krepost |
| 9:35 | Build | Krepost |
| 9:37 | Build | Krepost |
| 9:40 | Build | Krepost |
| 11:39 | Create | Trade Cart ×5 |
| 11:40 | Create | Trade Cart ×5 |
| 11:40 | Create | Trade Cart ×5 |
| 12:19 | Build | Stone Wall |
| 12:20 | Build | Stone Wall |
| 12:46 | Build | Stone Wall |
| 12:47 | Build | Stone Wall |
| 13:09 | Build | Farm |
| 13:09 | Build | Farm |
| 13:10 | Build | Farm |
| 13:10 | Build | Farm |
| 13:10 | Build | Farm |
| 13:11 | Build | Farm |
| 13:12 | Build | Farm |
| 13:13 | Build | Farm |
| 13:13 | Build | Farm |
| 13:13 | Build | Farm |
| 13:14 | Build | Farm |
| 13:15 | Build | Farm |
| 13:16 | Build | Farm |
| 13:16 | Build | Farm |
| 13:17 | Build | Farm |
| 13:17 | Build | Farm |
| 13:18 | Build | Farm |
| 13:18 | Build | Farm |
| 13:19 | Build | Farm |
| 13:19 | Build | Farm |
| 13:20 | Build | Farm |
| 13:20 | Build | Farm |
| 13:20 | Build | Farm |
| 13:21 | Build | Farm |
| 13:21 | Build | Farm |
| 13:24 | Build | Farm |
| 13:25 | Build | Farm |
| 13:26 | Build | Farm |
| 13:27 | Build | Farm |
| 13:27 | Build | Farm |
| 13:28 | Build | Farm |
| 13:28 | Build | Farm |
| 13:28 | Build | Farm |
| 13:28 | Build | Farm |
| 13:29 | Build | Farm |
| 13:29 | Build | Farm |
| 13:30 | Build | Farm |
| 13:31 | Build | Farm |
| 13:31 | Build | Farm |
| 13:31 | Build | Farm |
| 13:32 | Build | Farm |
| 13:33 | Build | Farm |
| 13:33 | Build | Farm |
| 13:36 | Build | Farm |
| 13:41 | Build | Mill |
| 14:39 | Build | Krepost |
| 14:41 | Build | Krepost |
| 14:43 | Build | Krepost |
| 14:45 | Build | Krepost |
| 14:47 | Build | Krepost |
Build order — iiTzz MulleN
First 150 of 1810 actions detected
| 0:09 | Build | Town Center |
| 0:24 | Build | Town Center |
| 0:28 | Create | Villager (Male) ×5 |
| 0:29 | Create | Villager (Male) ×5 |
| 0:29 | Create | Villager (Male) ×5 |
| 0:30 | Create | Villager (Male) ×5 |
| 1:06 | Build | Town Center |
| 1:26 | Build | Town Center |
| 1:32 | Create | Villager (Male) ×5 |
| 1:33 | Create | Villager (Male) ×5 |
| 1:33 | Create | Villager (Male) ×5 |
| 1:34 | Create | Villager (Male) |
| 1:44 | Build | Town Center |
| 1:55 | Build | Market |
| 2:09 | Create | Villager (Male) ×5 |
| 2:10 | Create | Villager (Male) ×5 |
| 2:10 | Create | Villager (Male) ×5 |
| 2:11 | Create | Villager (Male) ×5 |
| 2:11 | Create | Villager (Male) |
| 2:31 | Build | Town Center |
| 2:35 | Create | Villager (Male) ×5 |
| 2:35 | Create | Villager (Male) ×5 |
| 2:35 | Create | Villager (Male) ×5 |
| 2:36 | Create | Villager (Male) ×5 |
| 2:36 | Create | Villager (Male) |
| 2:58 | Build | Town Center |
| 3:15 | Build | Town Center |
| 3:21 | Build | Town Center |
| 3:43 | Build | Market |
| 3:57 | Build | House |
| 4:00 | Build | House |
| 4:01 | Build | House |
| 4:15 | Build | House |
| 4:17 | Build | House |
| 4:20 | Build | House |
| 4:23 | Build | House |
| 4:25 | Build | House |
| 4:27 | Build | Farm |
| 4:27 | Build | Farm |
| 4:27 | Build | Farm |
| 4:27 | Build | Farm |
| 4:27 | Build | Farm |
| 4:27 | Build | Farm |
| 4:27 | Build | Farm |
| 4:27 | Build | Farm |
| 4:28 | Build | Farm |
| 4:28 | Build | Farm |
| 4:28 | Build | Farm |
| 4:28 | Build | Farm |
| 4:28 | Build | Farm |
| 4:28 | Build | Farm |
| 4:28 | Build | Farm |
| 4:28 | Build | Farm |
| 4:28 | Build | Farm |
| 4:28 | Build | Farm |
| 4:28 | Build | Farm |
| 4:28 | Build | Farm |
| 4:28 | Build | Farm |
| 4:28 | Build | Farm |
| 4:29 | Build | Farm |
| 4:29 | Build | Farm |
| 4:29 | Build | Farm |
| 4:29 | Build | Farm |
| 4:29 | Build | Farm |
| 4:29 | Build | Farm |
| 4:29 | Build | Farm |
| 4:29 | Build | Farm |
| 4:29 | Build | Farm |
| 4:35 | Build | House |
| 4:37 | Build | House |
| 4:38 | Build | House |
| 4:43 | Build | House |
| 4:44 | Build | House |
| 4:46 | Build | House |
| 4:47 | Build | House |
| 4:49 | Build | House |
| 4:50 | Build | House |
| 4:52 | Build | House |
| 4:53 | Build | Farm |
| 4:53 | Build | House |
| 4:55 | Build | House |
| 4:57 | Build | Farm |
| 4:57 | Build | Farm |
| 4:57 | Build | Farm |
| 4:57 | Build | Farm |
| 4:57 | Build | Farm |
| 4:57 | Build | Farm |
| 4:58 | Build | Farm |
| 4:58 | Build | Farm |
| 4:58 | Build | House |
| 5:00 | Build | House |
| 5:04 | Build | Farm |
| 5:05 | Build | Farm |
| 5:05 | Build | Farm |
| 5:12 | Build | Lumber Camp |
| 5:18 | Build | Farm |
| 5:29 | Build | Farm |
| 5:30 | Build | Market |
| 5:30 | Build | Farm |
| 5:36 | Build | Market |
| 5:40 | Build | Market |
| 5:47 | Build | Market |
| 5:48 | Build | Farm |
| 5:48 | Build | Farm |
| 5:48 | Build | Farm |
| 5:48 | Build | Farm |
| 5:48 | Build | Farm |
| 5:48 | Build | Farm |
| 5:48 | Build | Farm |
| 5:54 | Build | Lumber Camp |
| 5:55 | Build | Farm |
| 5:55 | Build | Farm |
| 5:57 | Build | Farm |
| 6:00 | Create | Villager (Male) ×5 |
| 6:00 | Create | Villager (Male) |
| 6:00 | Create | Villager (Male) |
| 6:01 | Create | Villager (Male) ×5 |
| 6:01 | Create | Villager (Male) ×5 |
| 6:02 | Create | Villager (Male) ×5 |
| 6:02 | Create | Villager (Male) ×5 |
| 6:02 | Create | Villager (Male) |
| 6:03 | Create | Villager (Male) |
| 6:03 | Create | Villager (Male) ×5 |
| 6:04 | Create | Villager (Male) ×5 |
| 6:04 | Create | Villager (Male) ×5 |
| 6:04 | Create | Villager (Male) ×5 |
| 6:05 | Create | Villager (Male) |
| 6:05 | Build | Farm |
| 6:05 | Create | Villager (Male) |
| 6:05 | Build | Farm |
| 6:05 | Build | Farm |
| 6:05 | Build | Farm |
| 6:05 | Build | Farm |
| 6:05 | Build | Farm |
| 6:05 | Build | Farm |
| 6:05 | Build | Farm |
| 6:05 | Build | Farm |
| 6:05 | Build | Farm |
| 6:05 | Build | Farm |
| 6:05 | Build | Farm |
| 6:05 | Create | Villager (Male) ×5 |
| 6:05 | Build | Farm |
| 6:06 | Build | Farm |
| 6:06 | Build | Farm |
| 6:06 | Create | Villager (Male) ×5 |
| 6:06 | Create | Villager (Male) ×5 |
| 6:07 | Create | Villager (Male) |
| 6:07 | Create | Villager (Male) ×5 |
| 6:07 | Create | Villager (Male) ×5 |
| 6:08 | Create | Villager (Male) ×5 |
Build order — asnaim123
First 150 of 898 actions detected
| 0:23 | Build | Castle |
| 0:27 | Build | Castle |
| 0:33 | Build | Castle |
| 0:38 | Build | Castle |
| 0:52 | Create | Villager (Male) |
| 0:52 | Create | Villager (Male) |
| 0:53 | Create | Villager (Male) |
| 0:53 | Create | Villager (Male) |
| 0:53 | Create | Villager (Male) |
| 0:54 | Create | Villager (Male) |
| 0:54 | Create | Villager (Male) |
| 0:54 | Create | Villager (Male) |
| 0:54 | Create | Villager (Male) |
| 0:54 | Create | Villager (Male) |
| 0:55 | Create | Villager (Male) |
| 0:55 | Create | Villager (Male) |
| 0:55 | Create | Villager (Male) |
| 0:55 | Create | Villager (Male) |
| 0:56 | Create | Villager (Male) |
| 0:56 | Create | Villager (Male) |
| 0:56 | Create | Villager (Male) |
| 0:56 | Create | Villager (Male) |
| 1:28 | Build | Market |
| 1:34 | Build | Market |
| 1:38 | Build | Market |
| 1:47 | Build | Town Center |
| 2:14 | Build | Town Center |
| 2:39 | Build | House |
| 2:44 | Build | House |
| 2:47 | Build | House |
| 2:50 | Build | House |
| 2:54 | Build | House |
| 3:00 | Build | House |
| 3:04 | Build | House |
| 3:09 | Build | House |
| 3:14 | Build | House |
| 3:18 | Build | House |
| 3:21 | Build | House |
| 3:26 | Build | House |
| 3:28 | Build | House |
| 3:31 | Build | House |
| 3:37 | Build | House |
| 3:41 | Build | House |
| 3:44 | Build | House |
| 3:47 | Build | House |
| 4:10 | Build | Stable |
| 4:16 | Build | Stable |
| 4:21 | Build | Stable |
| 4:27 | Build | Stable |
| 4:32 | Build | Stable |
| 4:39 | Build | Stable |
| 5:04 | Create | Villager (Male) |
| 5:04 | Create | Villager (Male) |
| 5:05 | Create | Villager (Male) |
| 5:05 | Create | Villager (Male) |
| 5:05 | Create | Villager (Male) |
| 5:05 | Create | Villager (Male) |
| 5:05 | Create | Villager (Male) |
| 5:06 | Create | Villager (Male) |
| 5:06 | Create | Villager (Male) |
| 5:06 | Create | Villager (Male) |
| 5:06 | Create | Villager (Male) |
| 5:07 | Create | Villager (Male) |
| 5:07 | Create | Villager (Male) |
| 5:07 | Create | Villager (Male) |
| 5:07 | Create | Villager (Male) |
| 5:07 | Create | Villager (Male) |
| 5:08 | Create | Villager (Male) |
| 5:22 | Create | Trade Cart |
| 5:23 | Create | Trade Cart |
| 5:23 | Create | Trade Cart |
| 5:23 | Create | Trade Cart |
| 5:23 | Create | Trade Cart |
| 5:23 | Create | Trade Cart |
| 5:24 | Create | Trade Cart |
| 5:24 | Create | Trade Cart |
| 5:24 | Create | Trade Cart |
| 5:24 | Create | Trade Cart |
| 5:25 | Create | Trade Cart |
| 5:25 | Create | Trade Cart |
| 5:25 | Create | Trade Cart |
| 5:25 | Create | Trade Cart |
| 5:26 | Create | Trade Cart |
| 5:26 | Create | Trade Cart |
| 5:26 | Create | Trade Cart |
| 5:26 | Create | Trade Cart |
| 5:26 | Create | Trade Cart |
| 5:27 | Create | Trade Cart |
| 5:27 | Create | Trade Cart |
| 5:27 | Create | Trade Cart |
| 5:28 | Create | Trade Cart |
| 5:28 | Create | Trade Cart |
| 5:28 | Create | Trade Cart |
| 5:28 | Create | Trade Cart |
| 5:29 | Create | Trade Cart |
| 5:29 | Create | Trade Cart |
| 5:29 | Create | Trade Cart |
| 5:29 | Create | Trade Cart |
| 5:30 | Create | Trade Cart |
| 5:30 | Create | Trade Cart |
| 5:30 | Create | Trade Cart |
| 5:30 | Create | Trade Cart |
| 5:31 | Create | Trade Cart |
| 5:31 | Create | Trade Cart |
| 5:31 | Create | Trade Cart |
| 5:31 | Create | Trade Cart |
| 5:32 | Create | Trade Cart |
| 5:32 | Create | Trade Cart |
| 5:32 | Create | Trade Cart |
| 5:32 | Create | Trade Cart |
| 5:32 | Create | Trade Cart |
| 5:33 | Create | Trade Cart |
| 5:33 | Create | Trade Cart |
| 5:33 | Create | Trade Cart |
| 5:33 | Create | Trade Cart |
| 5:59 | Create | Villager (Male) |
| 5:59 | Create | Villager (Male) |
| 5:59 | Create | Villager (Male) |
| 5:59 | Create | Villager (Male) |
| 6:00 | Create | Villager (Male) |
| 6:00 | Create | Villager (Male) |
| 6:00 | Create | Villager (Male) |
| 6:00 | Create | Villager (Male) |
| 6:00 | Create | Villager (Male) |
| 6:01 | Create | Villager (Male) |
| 6:01 | Create | Villager (Male) |
| 6:01 | Create | Villager (Male) |
| 6:01 | Create | Villager (Male) |
| 6:02 | Create | Villager (Male) |
| 6:02 | Create | Villager (Male) |
| 6:02 | Create | Villager (Male) |
| 6:02 | Create | Villager (Male) |
| 6:25 | Build | Siege Workshop |
| 6:31 | Build | Siege Workshop |
| 6:36 | Build | Siege Workshop |
| 6:41 | Build | Siege Workshop |
| 7:08 | Build | Farm |
| 7:12 | Build | Farm |
| 7:23 | Build | Monastery |
| 8:14 | Build | Farm |
| 8:19 | Build | Farm |
| 8:23 | Create | Bombard Cannon |
| 8:24 | Create | Bombard Cannon |
| 8:24 | Create | Bombard Cannon |
| 8:24 | Create | Bombard Cannon |
| 8:24 | Create | Bombard Cannon |
| 8:25 | Create | Bombard Cannon |
| 8:25 | Create | Bombard Cannon |
| 8:25 | Create | Bombard Cannon |
| 8:25 | Create | Bombard Cannon |
Match timeline
| 0:23 | asnaim123 · first_building Castle |
| 2:45 | Sinsh Master · first_building Krepost |
| 4:10 | asnaim123 · first_building Stable |
| 4:46 | Sinsh Master · first_building Siege Workshop |
| 4:49 | IsaacNewton · wall_segment Stone Wall x48 |
| 4:53 | IsaacNewton · wall_segment Stone Wall x15 |
| 6:25 | asnaim123 · first_building Siege Workshop |
| 6:48 | iiTzz MulleN · wall_segment Stone Wall x54 |
| 6:56 | iiTzz MulleN · wall_segment Stone Wall x14 |
| 7:06 | iiTzz MulleN · wall_segment Stone Wall x35 |
| 7:23 | asnaim123 · first_building Monastery |
| 8:11 | IsaacNewton · first_building Castle |
| 9:02 | asnaim123 · first_market_sell 100 food |
| 9:10 | iiTzz MulleN · first_building Stable |
| 12:19 | Sinsh Master · wall_segment Stone Wall x45 |
| 12:20 | Sinsh Master · wall_segment Stone Wall x1 |
| 12:46 | Sinsh Master · wall_segment Stone Wall x64 |
| 12:47 | Sinsh Master · wall_segment Stone Wall x1 |
| 13:05 | iiTzz MulleN · wall_segment Stone Wall x25 |
| 13:13 | iiTzz MulleN · wall_segment Stone Wall x26 |
| 13:17 | iiTzz MulleN · wall_segment Stone Wall x6 |
| 13:27 | IsaacNewton · wall_segment Palisade Wall x1 |
| 13:28 | IsaacNewton · wall_segment Palisade Wall x1 |
| 17:08 | Sinsh Master · wall_segment Stone Wall x21 |
| 17:13 | Sinsh Master · wall_segment Stone Wall x12 |
| 17:16 | Sinsh Master · wall_segment Stone Wall x12 |
| 17:17 | Sinsh Master · wall_segment Stone Wall x1 |
| 18:01 | iiTzz MulleN · first_building Castle |
| 20:13 | IsaacNewton · first_building Monastery |
| 22:21 | Sinsh Master · first_market_buy 500 stone |
| 23:18 | asnaim123 · first_market_buy 100 wood |
| 24:31 | iiTzz MulleN · wall_segment Stone Wall x46 |
| 25:33 | IsaacNewton · wall_segment Stone Wall x50 |
| 25:37 | IsaacNewton · wall_segment Stone Wall x18 |
| 25:43 | iiTzz MulleN · first_building Siege Workshop |
| 26:00 | asnaim123 · wall_segment Stone Wall x12 |
| 26:44 | iiTzz MulleN · wall_segment Stone Wall x53 |
| 27:50 | IsaacNewton · first_building Stable |
| 28:44 | iiTzz MulleN · first_market_buy 500 stone |
| 29:35 | IsaacNewton · first_building Barracks |
| 33:01 | asnaim123 · wall_segment Stone Wall x4 |
| 37:23 | IsaacNewton · first_building Siege Workshop |
| 37:55 | IsaacNewton · first_building Archery Range |
| 39:35 | iiTzz MulleN · wall_segment Stone Wall x32 |
| 45:49 | iiTzz MulleN · wall_segment Stone Wall x16 |
| 49:20 | iiTzz MulleN · wall_segment Stone Wall x12 |
| 50:57 | iiTzz MulleN · first_building Barracks |
| 52:21 | Sinsh Master · first_market_sell 100 food |
| 60:06 | iiTzz MulleN · wall_segment Stone Wall x8 |
| 62:19 | asnaim123 · resign |
[ AI ANALYSIS · 1 CREDIT ]
What really happened in this match?
Wolo.gg analyzes every decision: build order, eco, micro, common mistakes by bracket. Personalized analysis on WhatsApp or Discord in 30 seconds.
Civ guide
Persians
Map guide
Michi
Perfil
IsaacNewton